 Dungeon Crawl Stone Soup version 0.26.0-7-g794d0892b4 (webtiles) character file.

Game seed: 16753163901073231697

274587 Froggeryz the Peltast (level 20, -5/134 HPs)
             Began as a Tengu Abyssal Knight on Jan 11, 2021.
             Was the Champion of Lugonu.
             Slain by a white very ugly thing (49 damage)
             ... on level 3 of the Vaults.
             The game lasted 01:23:10 (45985 turns).

Froggeryz the Peltast (Tengu Abyssal Knight)       Turns: 45985, Time: 01:23:11

Health: -5/134     AC: 23    Str: 20    XL:     20   Next: 32%
Magic:  29/29      EV: 11    Int: 16    God:    Lugonu [******]
Gold:   2468       SH: 18    Dex: 19    Spells: 19/19 levels left

rFire    + . .     SeeInvis .   C - +9 demon trident (distort)
rCold    . . .     Faith    .   t - +2 kite shield
rNeg     + + .     Spirit   .   M - +3 chain mail
rPois    .         Reflect  .   j - +2 hat
rElec    +         Harm     .   y - +0 cloak
rCorr    .         Rampage  .   T - +2 pair of gloves of Submission {+Fly Regen+}
Will     +++..                  (boots unavailable)
Stlth    ..........             u - amulet "Bovainic" {rElec rN+ Regen+ Dex+4}
HPRegen  1.12/turn              o - ring of the Madman {rN+ Will++}
MPRegen  0.21/turn              k - ring "Qiney" {*Contam +Blink rF+ Int+3 Slay+3}

@: flying quickly and evasively, quick
A: beak, talons 3, able to fly
}: 2/15 runes: barnacled, gossamer
a: Stop Flying, Renounce Religion, Evoke Blink, Depart the Abyss, Bend Space,
Banish, Corrupt, Enter the Abyss


You were on level 3 of the Vaults.
You worshipped Lugonu.
Lugonu was exalted by your worship.
You visited 6 branches of the dungeon, and saw 34 of its levels.
You visited the Abyss 2 times.
You also visited: Ossuary and Gauntlet.

You collected 5161 gold pieces.
You spent 2693 gold pieces at shops.

Inventory:

Hand Weapons
 C - a +9 demon trident of distortion (weapon)
Missiles
 F - 10 throwing nets
 I - 18 curare-tipped darts
 Q - 8 javelins
 V - 17 silver javelins
Armour
 j - a +2 hat (worn)
 t - a +2 kite shield (worn)
 y - a +0 cloak (worn)
 M - a +3 chain mail (worn)
 S - a +2 tower shield of fire resistance
 T - the +2 pair of gloves of Submission (worn) {+Fly Regen+}
   (You acquired it on level 11 of the Dungeon)

   It lets you fly.
   It increases your rate of regeneration.
Jewellery
 k - the ring "Qiney" (right hand) {*Contam +Blink rF+ Int+3 Slay+3}
   (You acquired it on level 4 of the Lair of Beasts)

   [ring of protection from fire]

   It affects your intelligence (+3).
   It affects your accuracy and damage with ranged weapons and melee attacks
   (+3).
   It protects you from fire.
   It lets you blink.
   It causes magical contamination when unequipped.
 o - the ring of the Madman (left hand) {rN+ Will++}
   (You found it in a Gauntlet)

   [ring of positive energy]

   It protects you from negative energy.
   It affects your willpower, your defense against some magical effects.
 u - the amulet "Bovainic" (around neck) {rElec rN+ Regen+ Dex+4}
   (You found it in a Gauntlet)

   [amulet of regeneration]

   It affects your dexterity (+4).
   It insulates you from electricity.
   It protects you from negative energy.
   It increases your rate of regeneration.
 w - the ring "Koymozir" {rPois Stlth+}
   (You found it on level 6 of the Lair of Beasts)

   [ring of stealth]

   It protects you from poison.
   It makes you more stealthy.
 J - the ring of Kikubaaqudgha's Pride {rF+ rC++ rCorr}
   (You acquired it on level 6 of the Lair of Beasts)

   [ring of resist corrosion]

   It protects you from fire.
   It greatly protects you from cold.
   It provides partial protection from all sources of acid and corrosion.
 U - an uncursed ring of positive energy
Wands
 n - a wand of acid (4)
 r - a wand of iceblast (15)
 z - a wand of flame (43)
 N - a wand of disintegration (11)
 R - a wand of paralysis (27)
 X - a wand of digging (12)
Scrolls
 c - 15 scrolls of teleportation
 d - 2 scrolls of amnesia
 f - a scroll of blinking
 g - 5 scrolls of enchant armour
 i - 4 scrolls of noise
 q - 21 scrolls of remove curse
 s - 10 scrolls of magic mapping
 B - 3 scrolls of fog
 E - 4 scrolls of immolation
 K - 4 scrolls of identify
 L - 4 scrolls of summoning
 Z - a scroll of holy word
Potions
 a - 2 potions of magic
 b - 5 potions of might
 e - 6 potions of brilliance
 h - 15 potions of haste
 l - 10 potions of lignification
 p - a potion of berserk rage
 x - 8 potions of curing
 A - 3 potions of heal wounds
 D - 2 potions of resistance
 H - 4 potions of mutation
Miscellaneous
 v - a phantom mirror
 G - a condenser vane


   Skills:
 + Level 17.0 Fighting
 - Level 16.0 Polearms
 + Level 5.6 Throwing
 - Level 15.0 Armour
 - Level 1.1 Dodging
 * Level 19.0 Shields
 - Level 11.3 Invocations
 - Level 5.1 Evocations


You had 19 spell levels left.
You didn't know any spells.
Your spell library contained the following spells:

 Spells                   Type           Power        Failure   Level
 Animate Skeleton         Necr           0%           80%         1
 Apportation              Tloc           0%           80%         1
 Beastly Appendage        Tmut           0%           80%         1
 Corona                   Hex            0%           80%         1
 Foxfire                  Conj/Fire      0%           80%         1
 Magic Dart               Conj           0%           80%         1
 Sting                    Tmut/Pois      0%           80%         1
 Summon Small Mammal      Summ           0%           80%         1
 Blink                    Tloc           N/A          90%         2
 Call Imp                 Summ           0%           90%         2
 Poisonous Vapours        Pois/Air       0%           90%         2
 Searing Ray              Conj           0%           90%         2
 Slow                     Hex            0%           90%         2
 Wereblood                Tmut           0%           90%         2
 Conjure Flame            Conj/Fire      0%           99%         3
 Dazzling Flash           Conj/Hex       0%           99%         3
 Gell's Gravitas          Tloc           0%           99%         3
 Ignite Poison            Fire/Tmut/Pois 0%           99%         3
 Inner Flame              Hex/Fire       0%           99%         3
 Mephitic Cloud           Conj/Pois/Air  0%           99%         3
 Portal Projectile        Hex/Tloc       0%           99%         3
 Spider Form              Tmut/Pois      0%           99%         3
 Cause Fear               Hex            0%           100%        4
 Fulminant Prism          Conj/Hex       0%           100%        4
 Ice Form                 Ice/Tmut       0%           100%        4
 Iskenderun's Mystic Bla  Conj/Tloc      0%           100%        4
 Leda's Liquefaction      Hex/Erth       0%           100%        4
 Olgreb's Toxic Radiance  Pois           0%           100%        4
 Sticky Flame             Conj/Fire      0%           100%        4
 Blade Hands              Tmut           0%           100%        5
 Bolt of Magma            Conj/Fire/Erth 0%           100%        5
 Fireball                 Conj/Fire      0%           100%        5
 Silence                  Hex/Air        0%           100%        5
 Yara's Violent Unravell  Hex/Tmut       0%           100%        5
 Conjure Ball Lightning   Conj/Air       0%           100%        6
 Dispersal                Tloc           0%           100%        6
 Freezing Cloud           Conj/Ice/Air   0%           100%        6
 Iron Shot                Conj/Erth      0%           100%        6
 Starburst                Conj/Fire      0%           100%        6
 Statue Form              Tmut/Erth      0%           100%        6
 Orb of Destruction       Conj           0%           100%        7
 Chain Lightning          Conj/Air       0%           100%        8
 Discord                  Hex            0%           100%        8
 Disjunction              Tloc           0%           100%        8
 Ignition                 Fire           0%           100%        8
 Lehudib's Crystal Spear  Conj/Erth      0%           100%        8
 Absolute Zero            Ice            0%           100%        9
 Fire Storm               Conj/Fire      0%           100%        9
 Shatter                  Erth           0%           100%        9


Dungeon Overview and Level Annotations

Branches:
Dungeon (15/15)            Temple (0/1) D:4            Lair (6/6) D:10
 Shoals (4/4) Lair:2       Spider (4/4) Lair:3        Slime (0/5) Lair:6
    Orc (2/2) D:10            Elf (0/3) Orc:2        Vaults (3/5) D:13
 Depths (0/5) D:15        Ossuary (visited)         Gauntlet (visited)
  Crypt: Vaults:2-3

Altars:
Dithmenos
Elyvilon
Fedhas
Gozag
Kikubaaqudgha
Makhleb
Nemelex Xobeh
Okawaru
Qazlal
Sif Muna
Uskayaw
Wu Jian
Xom
Beogh
Jiyva

Shops:
D:10 }   D:11 ?   D:12 (   D:15 }(   Orc:2 [!:(   Shoals:4 *

Annotations:
Lair:1 exclusion: 2 oklob plants
Lair:3 exclusion: oklob plant
Lair:5 exclusion: 4 oklob plants
Lair:6 exclusion: 2 upstairs
Vaults:1 3 runed translucent doors, Vatovie's ghost, veteran MiFi
Abyss:1 Bai Suzhen, Urug


Innate Abilities, Weirdness & Mutations

You have a beak for a mouth.
You have claws for feet.
You can fly continuously.


Message History

Space warps horribly around the green ugly thing!!
You kill the green ugly thing!
Lugonu accepts your kill.
No target in view!
No target in view!
There is a stone staircase leading down, spattered with blood here.
You see here an ugly thing corpse.
You start resting.
HP restored.
You fly downwards.
A white ugly thing comes into view.
The white ugly thing gurgles horribly!
The yaktaur shoots a bolt.
The bolt hits you!! The ettin simulacrum hits you.
The ettin simulacrum freezes you!! The ettin simulacrum hits you.
The ettin simulacrum freezes you!!
There is a stone staircase leading up, spattered with blood here.
You see here 4 bolts.
The white very ugly thing pecks you!
The white very ugly thing freezes you!!!
You die...

#..#.....#..#
#.[#.p.p.#..#
#..u()...#..#
#..#)o)..#..# .
#####O##'##'##..
#.....(.....'..
+....p.p....#
+...?).(Z...#
#......@u...#
+.c.........#
#...........#
###'######### ..
.. #


You could see a white very ugly thing, a vault warden, a vault guard, a white
ugly thing, a two-headed ogre, a yaktaur, a wizard, an orc wizard and an ettin
simulacrum.

Vanquished Creatures
  Mara (Shoals:3)
  Rupert (Orc:2)
  Polyphemus (Shoals:2)
  A kraken (Shoals:1)
  5 vault wardens
  A fire giant (D:15)
  A frost giant (Vaults:3)
  6 ghost moths
  2 emperor scorpions (Spider:4)
  Louise (Spider:1)
  2 ironheart preservers
  The ghost of contendunt the Nimble, a journeyman MiFi of Okawaru (Orc:1)
  4 very ugly things
  A minotaur (Gauntlet)
  2 entropy weavers
  A deep elf annihilator (Vaults:2)
  3 spark wasps
  Josephine (Orc:2)
  6 merfolk impalers
  2 yaktaur captains
  2 fire dragons
  A rakshasa (Vaults:1)
  Harold (Orc:1)
  3 ice dragons
  9 hydras
  7 boulder beetles
  A catoblepas (Shoals:2)
  Erica (Orc:1)
  7 vault guards
  7 ogre magi
  4 centaur warriors
  2 merfolk aquamancers (Shoals:1)
  3 merfolk avatars
  A tengu warrior (D:15)
  13 two-headed ogres
  3 death yaks
  3 orc high priests (Orc:2)
  2 deep elf knights (Vaults:2)
  Sonja (D:10)
  A wretched star (Gauntlet)
  The ghost of Delamore the Basher, a novice GrFi of Okawaru (D:10)
  4 skeletal warriors (Vaults:1)
  4 unseen horrors
  8 sea snakes
  A shadow wraith (Vaults:2)
  The ghost of iamserjio the Ruffian, a novice TrFi (D:7)
  A glowing orange brain (Vaults:3)
  A wizard (Vaults:1)
  A kraken simulacrum (Shoals:4)
  13 ironbrand convokers
  14 orc knights
  16 harpies
  15 orb spiders
  5 orc sorcerers
  32 ugly things
  A wolf spider zombie (D:14)
  8 deep elf magi
  7 cyclopes
  10 manticores
  21 wolf spiders
  2 fauns
  9 elephants
  6 merfolk sirens
  2 torpor snails
  2 water nymphs
  4 vault sentinels
  3 black mambas
  A minotaur zombie (Gauntlet)
  21 cane toads
  A centaur skeleton (D:14)
  25 yaktaurs
  A gargoyle (D:15)
  An efreet (D:13)
  6 demonic crawlers
  5 rime drakes
  A freezing wraith (Vaults:2)
  A yaktaur (shapeshifter) (D:11)
  13 komodo dragons
  A tengu conjurer (D:15)
  17 merfolk
  3 wind drakes
  27 jumping spiders
  A polar bear (Lair:6)
  7 trolls
  17 blink frogs
  13 hornets
  9 dream sheep
  Grinder (D:4)
  A raiju (Gauntlet)
  12 slime creatures (Vaults:1)
  2 snapping turtles (Shoals:2)
  A dream sheep (shapeshifter) (D:11)
  62 yaks
  30 tarantellas
  7 shadows
  67 redbacks
  6 water elementals
  6 wraiths
  9 wyverns
  A hog (shapeshifter) (Vaults:1)
  5 basilisks
  6 vampire mosquitoes (D:14)
  Grum (D:7)
  A steam dragon (Gauntlet)
  A soldier ant (shapeshifter) (Vaults:2)
  13 water moccasins
  2 acid dragons
  5 wargs
  A meliai simulacrum (D:10)
  4 ice beasts
  A hornet zombie (D:15)
  27 orc warriors
  An ettin simulacrum (Vaults:2)
  2 black bears
  A necrophage (D:13)
  5 boggarts (Vaults:2)
  27 centaurs
  10 wolves
  11 ogres
  A big kobold (D:6)
  A big kobold (shapeshifter) (D:15)
  A wyvern zombie (D:12)
  28 bullfrogs
  A spectral wyvern (D:10)
  3 gnoll sergeants
  A wyvern skeleton (D:11)
  A small abomination (Gauntlet)
  2 scorpions
  19 wights
  11 killer bees
  A spectral centaur (D:10)
  14 electric eels
  3 howler monkeys
  3 quasits
  3 centaur zombies
  A bullfrog zombie (D:11)
  16 hounds
  8 jellies
  17 orc priests
  8 orc wizards
  4 bullfrog skeletons
  2 gnoll shamans (D:7)
  4 iguanas
  12 worker ants
  A killer bee zombie (D:9)
  2 bullfrog simulacra (D:10)
  A hound zombie (D:11)
  A hound skeleton (D:11)
  3 mummies (Ossuary)
  2 worker ant zombies (D:11)
  Robin (D:3)
  30 gnolls
  10 adders
  2 shadow imps
  4 white imps
  An ufetubus (D:9)
  2 oozes
  An adder skeleton (D:9)
  5 worms
  2 dart slugs
  A leopard gecko (D:9)
  39 orcs
  2 ball pythons
  3 bats (D:1)
  8 giant cockroaches
  26 hobgoblins
  12 jackals
  13 kobolds
  7 quokkas
  8 frilled lizards
  39 goblins
  3 goblin zombies (Ossuary)
  A hobgoblin zombie (Ossuary)
  5 kobold zombies (Ossuary)
  A leopard gecko skeleton (D:5)
  A quokka skeleton (D:4)
  8 rats
  5 tentacles
1222 creatures vanquished.

Vanquished Creatures (collateral kills)
  A redback (Spider:3)
  An orc warrior (D:13)
2 creatures vanquished.

Vanquished Creatures (others)
  A goblin zombie (Ossuary)
  39 fungi
  99 plants
  11 tentacles
  24 withered plants (Gauntlet)
174 creatures vanquished.

Grand Total: 1398 creatures vanquished

Notes
Turn   | Place    | Note
-------+----------+-------------------------------------------
     0 | Abyss:1  | Froggeryz the Tengu Abyssal Knight began the quest for the
                  | Orb.
     0 | Abyss:1  | Reached XP level 1. HP: 14/14 MP: 3/3
    40 | Abyss:1  | Found a corrupted altar of Lugonu.
    41 | Abyss:1  | Noticed a large abomination
    94 | D:1      | Escaped the Abyss
   184 | D:1      | Reached XP level 2. HP: 16/19 MP: 4/4
   265 | D:1      | Reached * piety under Lugonu
   355 | D:1      | Reached XP level 3. HP: 23/23 MP: 5/5
   770 | D:2      | Found an iron altar of Okawaru.
   854 | D:2      | Reached XP level 4. HP: 28/28 MP: 6/6
  1112 | D:2      | Reached ** piety under Lugonu
  1177 | D:2      | Reached skill level 5 in Polearms
  1345 | D:2      | Found an opulent altar of Gozag.
  1346 | D:2      | Found a burning altar of Makhleb.
  1346 | D:2      | Found a shadowy altar of Dithmenos.
  1933 | D:2      | Found a blossoming altar of Fedhas.
  1933 | D:2      | Found a white marble altar of Elyvilon.
  2086 | D:2      | Gained mutation: You can fly continuously. [Tengu growth]
  2086 | D:2      | Reached XP level 5. HP: 13/32 MP: 7/7
  2694 | D:3      | Noticed Robin
  2724 | D:3      | Killed Robin
  3140 | D:3      | Found a hide-covered altar of Uskayaw.
  3515 | D:4      | Reached *** piety under Lugonu
  3516 | D:4      | Reached XP level 6. HP: 26/37 MP: 8/8
  3635 | D:4      | Found a staircase to the Ecumenical Temple.
  4576 | D:4      | Reached XP level 7. HP: 41/41 MP: 9/9
  4666 | D:4      | Noticed Grinder
  4679 | D:4      | Killed Grinder
  5068 | D:5      | Entered Level 5 of the Dungeon
  5333 | D:5      | Reached XP level 8. HP: 46/46 MP: 10/10
  5380 | D:5      | Reached skill level 10 in Polearms
  5885 | D:5      | Found a sparkling altar of Nemelex Xobeh.
  6081 | D:6      | Reached **** piety under Lugonu
  6388 | D:6      | Reached XP level 9. HP: 44/50 MP: 9/11
  6800 | D:6      | Reached skill level 5 in Armour
  7119 | D:6      | Reached ***** piety under Lugonu
  7301 | D:6      | HP: 1/50 [orc warrior/+0 halberd of protection (13)]
  8386 | D:7      | Found a sand-covered staircase.
  8391 | Ossuary  | Entered an ossuary
  8905 | D:7      | Identified the +3 ring mail of the Snake Pit {+Blink rC+
                  | rN++ Dex-5}
  8905 | D:7      | Identified the +1 buckler "Pepton" {Str+2 Int+2 SInv
                  | Stlth+}
  9092 | D:7      | HP: 1/51 [killer bee (5)]
  9869 | D:7      | Reached XP level 10. HP: 56/56 MP: 12/12
  9890 | D:7      | Noticed Grum
  9896 | D:7      | Found a transporter.
  9897 | D:7      | Identified the ring "Vuse" {*Corrode +Fly rElec rF+ Will+}
  9911 | D:7      | Noticed iamserjio's ghost (novice TrFi)
  9942 | D:7      | Found a transporter.
 10784 | D:8      | Found a shimmering altar of Xom.
 10785 | D:8      | Noticed a two-headed ogre
 10940 | D:8      | Found a white marble altar of Elyvilon.
 10988 | D:8      | Killed a two-headed ogre
 11636 | D:9      | Reached skill level 5 in Fighting
 11810 | D:9      | Found a stormy altar of Qazlal.
 12048 | D:10     | Entered Level 10 of the Dungeon
 12193 | D:10     | Found a runed translucent gate.
 12193 | D:10     | Found a runed translucent gate.
 12194 | D:10     | Found a runed translucent gate.
 12197 | D:10     | Noticed Delamore's ghost (novice GrFi)
 12708 | D:10     | Found a staircase to the Lair.
 12715 | D:10     | Found Mysom's Gadget Shoppe.
 12747 | D:10     | Bought a condenser vane for 400 gold pieces
 13122 | D:10     | Killed an unseen horror
 13123 | D:10     | Reached skill level 15 in Polearms
 13123 | D:10     | Reached XP level 11. HP: 38/66 MP: 8/13
 13273 | D:10     | Found a staircase to the Orcish Mines.
 13499 | D:10     | Reached ****** piety under Lugonu
 13516 | D:10     | Noticed Sonja
 13524 | D:10     | Killed Sonja
 14031 | D:11     | Found Poishiun's Magic Scroll Shop.
 14078 | D:11     | Noticed a cyan ugly thing
 14093 | D:11     | Killed a cyan ugly thing
 14094 | D:11     | Reached skill level 1 in Shields
 14097 | D:11     | Reached skill level 2 in Shields
 14162 | D:11     | Killed an unseen horror
 14347 | D:11     | Found a shimmering altar of Xom.
 14356 | D:11     | Reached skill level 3 in Shields
 14430 | D:11     | Reached skill level 4 in Shields
 14902 | D:11     | Reached skill level 5 in Shields
 15079 | D:11     | Noticed a purple ugly thing
 15104 | Lair:1   | Entered Level 1 of the Lair of Beasts
 15314 | Lair:1   | Reached skill level 6 in Shields
 15329 | Lair:1   | Reached XP level 12. HP: 45/72 MP: 8/14
 15988 | Lair:1   | Reached skill level 7 in Shields
 16811 | Lair:1   | Noticed a five-headed hydra
 16822 | Lair:1   | Killed a five-headed hydra
 16826 | Lair:1   | Found a shimmering blue altar of Sif Muna.
 17587 | Lair:2   | Reached skill level 8 in Shields
 17625 | Lair:2   | Found a staircase to the Shoals.
 17689 | Lair:2   | Noticed a six-headed hydra
 17785 | Lair:1   | Killed a six-headed hydra
 18065 | Lair:2   | Reached XP level 13. HP: 34/80 MP: 9/15
 18960 | Lair:2   | Reached skill level 9 in Shields
 19097 | Lair:2   | Reached skill level 10 in Armour
 19675 | Lair:3   | Reached skill level 10 in Fighting
 20124 | Lair:3   | Found a hole to the Spider Nest.
 20371 | Lair:3   | Identified a scroll of acquirement
 20372 | Lair:3   | Acquired a +2 demon trident of venom
 20752 | Lair:3   | Reached skill level 5 in Invocations
 23178 | Lair:4   | Acquired the ring "Qiney" {*Contam +Blink rF+ Int+3 Slay+3}
 23409 | Lair:5   | Reached skill level 10 in Shields
 23409 | Lair:5   | Reached XP level 14. HP: 42/88 MP: 11/21
 23955 | Lair:6   | Entered Level 6 of the Lair of Beasts
 25106 | Lair:6   | Found a staircase to the Slime Pits.
 25107 | Lair:6   | Found a viscous altar of Jiyva.
 26009 | Lair:6   | Reached skill level 10 in Invocations
 26073 | Lair:6   | Acquired the ring of Kikubaaqudgha's Pride {rF+ rC++ rCorr}
 26147 | Lair:6   | Got a shimmering tin ring
 26161 | Lair:6   | Reached skill level 11 in Shields
 26169 | Lair:6   | Identified the ring "Koymozir" {rPois Stlth+} (You found it
                  | on level 6 of the Lair of Beasts)
 26460 | Orc:1    | Entered Level 1 of the Orcish Mines
 26574 | Orc:1    | Paralysed by an orc sorcerer for 2 turns
 26643 | Orc:1    | Noticed Erica
 26652 | Orc:1    | Killed Erica
 26943 | Orc:1    | Noticed Harold
 26966 | Orc:1    | Killed Harold
 27058 | Orc:1    | Found a runed translucent gate.
 27091 | Orc:1    | Found a runed translucent gate.
 27091 | Orc:1    | Found a runed translucent gate.
 27096 | Orc:1    | Noticed contendunt's ghost (journeyman MiFi)
 27207 | Orc:1    | Killed contendunt's ghost
 27617 | D:7      | Killed iamserjio's ghost
 27619 | D:7      | Killed Grum
 27888 | D:7      | Identified a +9 demon trident of distortion (a +7 spectral
                  | demon trident corrupted by Lugonu)
 27888 | D:7      | Received a gift from Lugonu
 28007 | D:10     | Killed Delamore's ghost
 28058 | Orc:2    | Entered Level 2 of the Orcish Mines
 28058 | Orc:2    | Noticed Josephine
 28092 | Orc:2    | Killed Josephine
 28412 | Orc:2    | Found a roughly hewn altar of Beogh.
 28414 | Orc:2    | Noticed Rupert
 28626 | Orc:2    | Found a staircase to the Elven Halls.
 28699 | Orc:2    | Killed Rupert
 28724 | Orc:2    | Reached XP level 15. HP: 83/92 MP: 22/24
 29027 | Orc:2    | Found Byllioxe's Antique Armour Boutique.
 29030 | Orc:2    | Noticed Urug
 29054 | Orc:2    | Banished Urug
 29091 | Orc:2    | Reached skill level 12 in Shields
 29118 | Orc:2    | Found Aroomm's Book Shoppe.
 29128 | Orc:2    | Found Pujiant's Antique Weapon Shoppe.
 29143 | Orc:2    | Found Xuvvucuzod's Distillery.
 29151 | Orc:2    | Bought a potion of berserk rage for 70 gold pieces
 29477 | D:12     | Found Ytsaoteg's Antique Weapon Shop.
 29822 | D:11     | Bought 3 scrolls of acquirement for 1872 gold pieces
 29822 | D:11     | Acquired 689 gold pieces
 29825 | D:11     | Acquired 368 gold pieces
 29827 | D:11     | Acquired the +2 pair of gloves of Submission {+Fly Regen+}
 30063 | D:13     | Identified the Guide on Displacement and Confrontation
 30119 | D:13     | Found a gate leading to a gauntlet.
 30156 | Gauntlet | Entered a Gauntlet
 30156 | Gauntlet | Found a transporter.
 30156 | Gauntlet | Found a transporter.
 30179 | Gauntlet | Found a transporter.
 30194 | Gauntlet | Found a transporter.
 30212 | Gauntlet | Found a transporter.
 30223 | Gauntlet | Found a transporter.
 30241 | Gauntlet | Found a transporter.
 30314 | Gauntlet | Found a transporter.
 30315 | Gauntlet | Found a transporter.
 30341 | Gauntlet | Found a transporter.
 30342 | Gauntlet | Found a transporter.
 30351 | Gauntlet | Found a transporter.
 30354 | Gauntlet | Found a transporter.
 30547 | Gauntlet | Got a brightly glowing wooden ring
 30549 | Gauntlet | Got a scintillating jade amulet
 30814 | D:13     | Found a blossoming altar of Fedhas.
 31130 | D:13     | Reached skill level 13 in Shields
 31157 | D:13     | Found a gate to the Vaults.
 31796 | D:14     | Found an iron altar of Okawaru.
 32091 | D:15     | Entered Level 15 of the Dungeon
 32148 | D:15     | Reached XP level 16. HP: 103/103 MP: 25/25
 32341 | D:15     | Found a staircase to the Depths.
 32357 | D:15     | Reached skill level 14 in Shields
 32498 | D:15     | Found Nyveor's Gadget Shoppe.
 32499 | D:15     | Found Xaenn's Antique Weapon Emporium.
 32997 | Spider:1 | Entered Level 1 of the Spider Nest
 33200 | Spider:1 | Noticed Louise
 33585 | Spider:1 | Cast into level 3 of the Abyss (Louise)
 33600 | Spider:1 | Escaped the Abyss
 33679 | Spider:1 | Killed Louise
 34013 | Spider:1 | Identified the amulet "Bovainic" {rElec rN+ Regen+ Dex+4}
                  | (You found it in a Gauntlet)
 34025 | Spider:1 | Identified the ring of the Madman {rN+ Will++} (You found
                  | it in a Gauntlet)
 34357 | Orc:2    | Bought a smoking cloak for 351 gold pieces
 34367 | Orc:2    | Identified the -4 cloak "Caqox Iph" {*Slow rF+ Dex+4} (You
                  | bought it in a shop on level 2 of the Orcish Mines)
 34577 | Spider:2 | Paralysed by a hornet for 3 turns
 34600 | Spider:2 | Reached skill level 15 in Shields
 34654 | Spider:2 | Paralysed by a hornet for 3 turns
 35223 | Spider:3 | Reached skill level 1 in Evocations
 35741 | Spider:3 | Noticed Bai Suzhen
 35749 | Spider:3 | Banished Bai Suzhen
 35750 | Spider:3 | Reached XP level 17. HP: 96/110 MP: 26/26
 36545 | Spider:4 | Entered Level 4 of the Spider Nest
 37653 | Spider:4 | Reached skill level 5 in Evocations
 38419 | Spider:4 | Reached skill level 16 in Shields
 38743 | Spider:4 | Got a gossamer rune of Zot
 38915 | Shoals:1 | Entered Level 1 of the Shoals
 38994 | Shoals:1 | Noticed a kraken
 39016 | Shoals:1 | Killed a kraken
 39461 | Shoals:1 | Reached XP level 18. HP: 96/117 MP: 24/27
 39807 | Shoals:2 | Noticed Polyphemus
 40076 | Shoals:2 | Found an ornate altar of the Wu Jian Council.
 40450 | Shoals:2 | Killed Polyphemus
 40451 | Shoals:2 | Reached skill level 15 in Fighting
 41309 | Shoals:3 | Noticed Mara
 41337 | Shoals:3 | Noticed Froggeryz's illusion
 41624 | Shoals:3 | Killed Mara
 41899 | Shoals:4 | Entered Level 4 of the Shoals
 41906 | Shoals:4 | Reached skill level 17 in Shields
 41927 | Shoals:4 | Found Hufyhiy's Antique Armour Shop.
 41942 | Shoals:4 | Found Natadd's Assorted Antiques.
 42244 | Shoals:4 | Got a barnacled rune of Zot
 42398 | Vaults:1 | Entered Level 1 of the Vaults
 42660 | Vaults:1 | Noticed an ancient lich
 42760 | Vaults:1 | Noticed a lich
 42771 | D:13     | Banished an ancient lich
 42772 | D:13     | Reached XP level 19. HP: 125/125 MP: 28/28
 42818 | Vaults:1 | Banished a lich
 43340 | Vaults:1 | Reached skill level 15 in Armour
 43431 | Vaults:1 | Reached skill level 1 in Throwing
 43677 | Vaults:1 | Found a runed translucent gate.
 43677 | Vaults:1 | Found a runed translucent gate.
 43677 | Vaults:1 | Found an ancient bone altar of Kikubaaqudgha.
 43677 | Vaults:1 | Noticed an ancient lich
 43677 | Vaults:1 | Noticed an ancient lich
 43678 | Vaults:1 | Found a runed translucent gate.
 43678 | Vaults:1 | Noticed Vatovie's ghost (veteran MiFi)
 43763 | Vaults:1 | Reached skill level 18 in Shields
 44984 | Vaults:2 | Reached XP level 20. HP: 133/133 MP: 29/29
 45688 | Vaults:3 | Reached skill level 5 in Throwing
 45819 | Vaults:2 | Reached skill level 19 in Shields
 45985 | Vaults:3 | Slain by a white very ugly thing

Illustrated notes

Levels and vault maps discovered:
D:1:      scummos_arrival_forest, layout_loops_ring
D:2:      layout_basic, lemuel_doored_altar, grunt_temple_overflow_open,
          amethyst_overflow_temple_binary, minmay_hexomino_p4
D:3:      layout_loops_ring, old_standard_altar, uniq_robin
D:4:      layout_loops_ring, minmay_temple_entry_trees, amethyst_killhole,
          uniq_grinder
D:5:      layout_cave_pools, kennysheep_mini
D:6:      minmay_goblin_kobold_castle, layout_rooms, minmay_misc_feat_rows
D:7:      layout_cave_pools, nicolae_ossuary_entry_false_entrances,
          gammafunk_ghost_gnarly_gnolls, kennysheep_boxes
D:8:      layout_basic, xom_teletrap_fun, elyvilon_altar_3
D:9:      layout_cave_pods, serial_column_ruins, column_ruins_hut,
          column_ruins_open_large, column_ruins_columns_T, column_ruins_grid_1,
          column_ruins_grid_2, basic_altar
D:10:     layout_loops_ring, erik_lair_island, serial_shops, shop_statue,
          gammafunk_ghost_necromancy, nrook_loot_triangle,
          amcnicky_mini_corridor_feature, uniq_sonja
D:11:     layout_loops_ring, basic_altar, serial_shops, shop_scrolls,
          serial_bayou_pond_e
D:12:     layout_rooms, serial_shops, nicolae_shop_crystal
D:13:     layout_gridville, grunt_vaults_entry_fortified,
          gauntlet_entry_generic, fedhas_altar_4
D:14:     layout_irregular_city, okawaru_ov_weapons_minmay
D:15:     grunt_enter_depths_giant_problem, layout_basic, serial_shops, shop,
          shop
Lair:1:   layout_roguey, basic_altar, beast_lair_carwin_11, grunt_megastairs_3,
          minmay_lair_oklob_chamber
Lair:2:   layout_regular_city, elwin_shoals_entry_stream,
          portal_ice_cave_entry_pillars_1
Lair:3:   layout_regular_city, nicolae_spider_entry_non_spiders
Lair:4:   layout_cave_pods
Lair:5:   dpeg_oklob_gauntlet, layout_cave_pods, st_stairs_10,
          minmay_stone_trees_small
Lair:6:   gammafunk_lair_ancient_temple, layout_cellular_growth, slime_altar_1,
          st_stairs_8
Shoals:1: layout_shoals
Shoals:2: layout_shoals, lemuel_centaur_altar, uniq_polyphemus
Shoals:3: layout_shoals, uniq_mara
Shoals:4: shoals_end_grunt_ice, layout_shoals, serial_shops,
          nicolae_shop_behind_doors, nicolae_shop_window_shopping, shop,
          nicolae_shop_statue_plus, shop
Spider:1: layout_spider_delve, uniq_louise
Spider:2: layout_spider_delve, hangedman_spider_trapstep
Spider:3: layout_chambers, uniq_bai_suzhen
Spider:4: spider_rune_water
Orc:1:    layout_caves, ebering_ghost_rock_garden, uniq_erica, uniq_harold
Orc:2:    st_orc_elflike, layout_caves, basic_altar, uniq_rupert, uniq_urug,
          uniq_josephine
Vaults:1: gammafunk_vaults_ghost_crypt, hangedman_vaults_corner,
          v_alt_pattern_4, vaults_mumra_hex, nicolae_vaults_diagonal_hallway_7,
          ontoclasm_vaults_misaligned, ontoclasm_vaults_hangar, v_misc_30,
          v_misc_9, nicolae_vaults_display_case,
          nicolae_vaults_windows_and_doors_thing, vaults_dpeg_doors,
          nicolae_vaults_three_branches, layout_vaults_omnigrid
Vaults:2: vaults_dpeg_diagonal, v_pattern_5, grunt_vaults_hallway_short,
          v_misc_16, v_misc_2, vaults_dpeg_encased_lava, v_misc_5,
          ontoclasm_vaults_eye, nicolae_vaults_circle_grid_a,
          ontoclasm_vaults_gateway, serial_ice_h, vaults_room_stairs_pillars,
          ontoclasm_vaults_idyll, v_misc_12, st_lattice, layout_vaults_omnicross
Vaults:3: st_eye, hangedman_vaults_capsules, minmay_crypt_entry_simple_walls,
          hangedman_vaults_river_flow, v_misc_11, hangedman_vaults_nodes,
          v_misc_9, nicolae_vaults_circle_grid_b,
          nicolae_vaults_yaktaur_gun_rack, hangedman_vaults_corner_blocks,
          grunt_vaults_diagonal, vaults_room_semicircle, layout_vaults_omnibox,
          serial_shops, shop

Skill      XL: |  1  2  3  4  5  6  7  8  9 10 11 12 13 14 15 16 17 18 19 20 |
---------------+-------------------------------------------------------------+-----
Polearms       | 3 4 5 6 8 9 11 13 15 16 | 16.0
Armour         | 4 6 9 10 11 12 14 15 | 15.0
Fighting       | 6 7 9 10 12 13 14 15 16 17 | 17.0
Shields        | 6 8 10 11 13 15 16 17 18 19 | 19.0
Invocations    | 8 11 | 11.3
Evocations     | 3 5 |  5.1
Throwing       | 4 5 |  5.6
Dodging        | |  1.1

Action                   |  1- 3 |  4- 6 |  7- 9 | 10-12 | 13-15 | 16-18 | 19-21 || total
-------------------------+-------+-------+-------+-------+-------+-------+-------++-------
Melee: Spear             |    81 |   228 |   395 |   485 |   186 |       |       ||  1375
       Kick              |    18 |    39 |   105 |   254 |   369 |   289 |   161 ||  1235
       Peck              |    12 |    19 |    67 |   146 |   226 |   180 |   106 ||   756
       Halberd           |       |       |   144 |   460 |       |       |       ||   604
       Trident           |       |       |       |    15 |    11 |       |       ||    26
       Demon trident     |       |       |       |       |  1086 |  1238 |   612 ||  2936
Invok: Depart the Abyss  |     1 |       |       |       |       |     1 |       ||     2
       Brand Weapon With |       |       |       |       |     1 |       |       ||     1
 Abil: Fly               |       |       |       |     1 |       |       |       ||     1
Evoke: Wand              |       |       |    17 |    19 |     6 |     2 |       ||    44
       Phantom mirror    |       |       |       |       |       |     1 |       ||     1
  Use: Scroll            |       |     7 |     2 |     1 |    35 |    13 |     2 ||    60
       Potion            |       |     5 |     5 |     1 |     2 |     6 |       ||    19
 Stab: Invisible         |       |     2 |       |       |       |       |       ||     2
       Paralysed         |       |       |    19 |     6 |       |       |       ||    25
       Held in net/web   |       |       |       |       |       |     3 |       ||     3
Armor: Leather armour    |     1 |       |       |       |       |       |       ||     1
       Ring mail         |    24 |     9 |       |       |       |       |       ||    33
       Scale mail        |       |    35 |   187 |   267 |   129 |       |       ||   618
       Chain mail        |       |       |       |       |    70 |   381 |    75 ||   526
Dodge: Dodged            |    26 |    57 |   179 |   257 |   212 |   218 |    66 ||  1015
Block: Buckler           |       |       |       |    64 |    65 |       |       ||   129
       Kite shield       |       |       |       |       |   225 |   607 |   231 ||  1063
